 Dungeon Crawl Stone Soup version 0.30.0-10-gfe55d96785 (webtiles) character file.

Game seed: 13974777380780741043

14730 Kenran the Carver (level 11, -20/129 HPs)
             Began as a Minotaur Cinder Acolyte on May 15, 2023.
             Was an Initiate of Ignis.
             Killed from afar by a wretched star (22 damage)
             ... with a lance of force
             ... on level 2 of the Abyss.
             The game lasted 00:27:09 (9865 turns).

Kenran the Carver (Minotaur Cinder Acolyte)         Turns: 9865, Time: 00:27:10

Health: -20/129    AC: 19    Str: 14    XL:     11   Next: 92%
Magic:  11/11      EV:  8    Int: 11    God:    Ignis [......]
Gold:   691        SH:  7    Dex: 11    Spells: 12/12 levels left

rFire   + . .        m - +0 long sword (heavy)
rCold   x . .        h - +2 buckler of Birdsong {Drain rC+ Regen+ Int+4}
rNeg    + . .        f - +1 chain mail {rN+}
rPois   .            (helmet restricted)
rElec   .            y - +0 cloak
rCorr   .            o - +0 pair of gloves
SInv    .            (no boots)
Will    .....        q - amulet "Ybbu" {Regen+ Int-4 Slay+4} Stlth
                     E - +4 ring of protection
HPRegen 0.00/turn    d - +4 ring of protection
MPRegen 0.12/turn

%: no passive effects
@: berserking, inhibited regen, very quick
A: horns 2, retaliatory headbutt, [deformed body], [frail 2], [inhibited
regeneration], [weak 2], [cold vulnerability 2]
a: Renounce Religion, Rising Flame


You were on level 2 of the Abyss.
You worshipped Ignis.
Ignis was noncommittal.
You visited 1 branch of the dungeon, and saw 11 of its levels.
You visited the Abyss 1 time.
You also visited: Sewer and Bailey.

You collected 691 gold pieces.

Inventory:

Hand Weapons
 a - a -1 falchion of flaming
 m - a +0 heavy long sword (weapon)
 n - the +5 whip of Lust {freeze, rC+}
   (You found it on level 2 of the Dungeon)

   rC:        It protects you from cold.
 C - a +2 great sword
Armour
 f - a +1 chain mail of positive energy (worn)
 h - the +2 buckler of Birdsong (worn) {Drain rC+ Regen+ Int+4}
   (You acquired it in a bailey)

   Int:       It affects your intelligence (+4).
   rC:        It protects you from cold.
   Regen:     It increases your rate of health regeneration.
   Drain:     It drains your maximum health when unequipped.
 o - a +0 pair of gloves (worn)
 y - a +0 cloak (worn)
Jewellery
 d - a +4 ring of protection (right hand)
 q - the amulet "Ybbu" (around neck) {Regen+ Int-4 Slay+4}
   (You acquired it on level 6 of the Dungeon)

   [amulet of regeneration]

   Int:       It affects your intelligence (-4).
   Slay:      It affects your accuracy & damage with ranged weapons and melee
   (+4).
   Regen:     It increases your rate of health regeneration.
 z - a ring of see invisible
 E - a +4 ring of protection (left hand)
Wands
 B - a wand of flame (2)
Scrolls
 b - a scroll of silence
 e - 2 scrolls of blinking
 l - 2 scrolls of brand weapon
 r - 3 scrolls of teleportation
 s - 2 scrolls of fog
 t - 4 scrolls of enchant armour
 u - 2 scrolls of vulnerability {!r}
 w - 2 scrolls of enchant weapon
 F - a scroll of identify {@r1}
Potions
 g - 3 potions of degeneration {!q}
 i - a potion of brilliance
 j - 2 potions of haste
 k - a potion of berserk rage {!q}
 p - 3 potions of lignification {!q}
 v - 2 potions of mutation {!q}
 x - 5 potions of curing {@q1}
 A - 2 potions of resistance
 D - a potion of magic


   Skills:
 + Level 13.6 Fighting
 - Level 14.0 Long Blades
 - Level 10.0 Armour
 - Level 6.0 Dodging
 - Level 6.0 Shields
 - Level 1.0 Spellcasting
 - Level 2.1 Fire Magic


You had 12 spell levels left.
You didn't know any spells.
Your spell library contained the following spells:

 Spells                   Type           Power      Damage    Failure   Level
 Scorch                   Fire           10%        2d5       95%         2
 Magic Dart               Conj           0%         1d3       99%         1
 Necrotise                Necr           0%         1d4       99%         1
 Blink                    Tloc           0%         N/A       99%         2
 Call Imp                 Summ           0%         N/A       99%         2
 Lesser Beckoning         Tloc           0%         N/A       99%         2
 Momentum Strike          Conj/Tloc      0%         3d8       99%         2
 Sublimation of Blood     Necr           0%         N/A       99%         2
 Wereblood                Tmut           0%         N/A       99%         2
 Mephitic Cloud           Conj/Pois/Air  0%         N/A       100%        3
 Ozocubu's Armour         Ice            0%         N/A       100%        3
 Vampiric Draining        Necr           0%         2d6       100%        3
 Summon Ice Beast         Ice/Summ       0%         N/A       100%        4
 Agony                    Necr           0%         N/A       100%        5
 Summon Mana Viper        Hex/Summ       0%         N/A       100%        5
 Malign Gateway           Summ/Tloc      0%         N/A       100%        7
 Monstrous Menagerie      Summ           0%         N/A       100%        7
 Ozocubu's Refrigeration  Ice            0%         4d7       100%        7
 Summon Hydra             Summ           0%         N/A       100%        7
 Summon Horrible Things   Summ           0%         N/A       100%        8


Dungeon Overview and Level Annotations

Branches:
Dungeon (11/15)            Temple (0/1) D:6            Lair (0/5) D:9
    Orc (0/2) D:11          Sewer (visited)          Bailey (visited)

Altars:
Ashenzari
Cheibriados
Dithmenos
Fedhas
Hepliaklqana
Ru
Sif Muna
Trog
Vehumet
Wu Jian
Xom
Yredelemnul
The Shining One

Shops:
D:3 :   D:11 *

Portals:
Trove: D:11 (give 2 scrolls of acquirement)

Annotations:
D:3 2 transporters, exclusion: door, Leibowitz's ghost, amateur MiGl
D:4 2 runed translucent doors
D:7 1 runed translucent door, engelados's ghost, novice DgCj
D:11 1 runed translucent door, Erolcha; tish's ghost, journeyman OpCj


Innate Abilities, Weirdness & Mutations

You have a pair of horns on your head.
You reflexively headbutt those who attack you in melee.
[Armour fits poorly on your strangely shaped body.]
[You are very frail. (-20% HP)]
[You do not regenerate when monsters are visible.]
[You are very weak. (Str -4)]
[You are very vulnerable to cold. (rC--)]


Message History

The lance of force hits you!!
* * * LOW HITPOINT WARNING * * *
You are knocked back by the lance of force.
You slam into the stone wall!
* * * LOW HITPOINT WARNING * * *
You hit the wretched star.
You headbutt the wretched star, but do no damage.
The wretched star is severely damaged.
The large abomination hits you!
* * * LOW HITPOINT WARNING * * *
You feel much better.
You block the large abomination's attack.
You slash the wretched star!
The wretched star is severely damaged.
The large abomination hits you!
You closely miss the wretched star.
The wretched star is severely damaged.
The large abomination hits you!!
* * * LOW HITPOINT WARNING * * *
The wretched star pulses with an eldritch light!
Your regeneration stops near monsters.
You feel much better. The large abomination hits you.
The wretched star glows turbulently.
The lance of force hits you!!
* * * LOW HITPOINT WARNING * * *
You are knocked back by the lance of force.
You slam into the stone wall!
* * * LOW HITPOINT WARNING * * *
Okay, then.
Really quaff
k - 2 potions of berserk rage {!q}?
A red film seems to cover your vision as you go berserk!
You feel yourself moving faster!
You feel mighty! The large abomination hits you.
* * * LOW HITPOINT WARNING * * *
You hit the wretched star but do no damage.
Your headbutt misses the wretched star.
The wretched star is severely damaged.
The wretched star glows turbulently.
The lance of force hits you!!
You die...

# .# . . .. x
▓. ≣. .▓ .
▓.≣≣≣ ▓▓ # ≣ .
....≣...▓# . ..
. .≣..▓≣X.≣ ..
§≣≣✱@≣≣ ≣ . #
≣≣.▓▓≣≣ ≣# ▓≣
##.. ≣≣.. ▓ ≣..
▓▓▓ .≣.... ≣
....▓ . . .....
... .... .. #
.▓..#. ~~
~≣.≣.≣ .▓
..≣.##~..~≣.≣..
≣ . .≣ ..# # ≣
≣ ≣≣ . . ░ ≣
≣.▚ #≣# #▓ ≣ #


You could see a wretched star and a large abomination.

Vanquished Creatures
  A centaur warrior (D:11)
  An orc high priest (Bailey)
  2 two-headed ogres
  2 orc knights (Bailey)
  An ugly thing (D:10)
  An orc sorcerer (Bailey)
  A gargoyle (D:11)
  2 trolls (D:10)
  8 raiju (Abyss:2)
  A vampire (D:10)
  3 wyverns
  A ynoxinul (Abyss:2)
  2 shadows (D:9)
  Eustachio (D:4)
  A wraith (D:11)
  2 basilisks (D:9)
  3 yaks (D:9)
  4 steam dragons
  A two-headed ogre zombie (D:11)
  Edmund (D:5)
  3 water moccasins
  Duvessa (D:5)
  7 orc warriors
  2 ice beasts
  A sky beast (D:7)
  An ogre (D:4)
  A black bear (D:9)
  3 wolves (D:9)
  12 centaurs
  5 phantoms
  2 kobold brigands
  Blork the orc (D:5)
  A bullfrog (D:6)
  A gnoll sergeant (D:9)
  2 scorpions
  Dowan (D:5)
  6 wights
  6 killer bees (D:9)
  4 electric eels (Bailey)
  A gnoll bouda (D:6)
  6 orc priests
  Crazy Yiuf (D:5)
  2 hounds
  A sleepcap (D:6)
  Natasha (thrice) (D:3)
  Terence (D:2)
  5 iguanas
  12 orc wizards
  2 small abominations (Abyss:2)
  7 ogre zombies (D:11)
  Robin (D:2)
  18 gnolls
  4 adders
  A white imp (D:7)
  An ufetubus (D:6)
  2 worms
  3 dart slugs
  37 orcs
  5 ball pythons
  11 bats
  10 endoplasms
  4 giant cockroaches
  20 goblins
  17 hobgoblins
  9 jackals
  20 kobolds
  7 quokkas
  4 frilled lizards
  A goblin zombie (D:11)
  3 hobgoblin zombies (D:11)
  4 orc skeletons (D:11)
  16 orc zombies (D:11)
  10 rats
348 creatures vanquished.

Vanquished Creatures (others)
  An orc (D:8)
  132 foxfires
133 creatures vanquished.

Grand Total: 481 creatures vanquished

Notes
Turn   | Place    | Note
-------+----------+-------------------------------------------
     0 | D:1      | Kenran the Minotaur Cinder Acolyte began the quest for the
                  | Orb.
     0 | D:1      | Reached XP level 1. HP: 19/19 MP: 1/1
    51 | D:1      | Reached skill level 4 in Long Blades
   114 | D:1      | Reached XP level 2. HP: 26/26 MP: 2/2
   393 | D:1      | Reached skill level 5 in Long Blades
   595 | D:1      | Reached XP level 3. HP: 31/31 MP: 3/3
  1056 | D:2      | Noticed Robin
  1084 | D:2      | Reached skill level 6 in Long Blades
  1084 | D:2      | Reached XP level 4. HP: 26/39 MP: 4/4
  1098 | D:2      | Killed Robin
  1154 | D:2      | Identified the +5 whip of Lust {freeze, rC+}
  1212 | D:2      | Noticed Terence
  1233 | D:2      | Killed Terence
  1561 | D:3      | Found a shimmering blue altar of Sif Muna.
  1629 | D:3      | Identified the +7 halberd "Modinajooco" {venom, rC- rN+
                  | Int+3 SInv}
  1724 | D:3      | Found a transporter.
  1726 | D:3      | Found a transporter.
  1733 | D:3      | Noticed Natasha
  1739 | D:3      | Killed Natasha
  1740 | D:3      | Reached skill level 7 in Long Blades
  1740 | D:3      | Reached XP level 5. HP: 40/45 MP: 5/5
  1836 | D:3      | Found Xomirr's Book Emporium.
  1896 | D:3      | Noticed Natasha
  1906 | D:3      | Killed Natasha
  2093 | D:3      | Found a blossoming altar of Fedhas.
  2213 | D:3      | Noticed Natasha
  2216 | D:3      | Killed Natasha
  2369 | D:3      | Noticed Leibowitz's ghost (amateur MiGl)
  2499 | D:4      | Found a broken altar of Ashenzari.
  2530 | D:4      | Found a glowing golden altar of the Shining One.
  2564 | D:4      | Found a glowing drain.
  2587 | D:4      | Reached skill level 8 in Long Blades
  2646 | D:4      | Noticed Eustachio
  2660 | D:4      | Killed Eustachio
  2661 | D:4      | Reached skill level 9 in Long Blades
  2661 | D:4      | Reached XP level 6. HP: 27/51 MP: 6/6
  2666 | Sewer    | Entered a sewer
  2846 | Sewer    | Noticed a water moccasin
  2854 | Sewer    | Killed a water moccasin
  2993 | D:4      | Found a large runed translucent door.
  2994 | D:4      | Found a large runed translucent door.
  3008 | D:4      | Reached XP level 7. HP: 57/57 MP: 7/7
  3141 | D:4      | Reached skill level 10 in Long Blades
  3628 | D:5      | Entered Level 5 of the Dungeon
  3646 | D:5      | Noticed Edmund
  3654 | D:5      | Killed Edmund
  3655 | D:5      | Reached skill level 5 in Fighting
  3744 | D:5      | Noticed Blork the orc
  3755 | D:5      | Killed Blork the orc
  3895 | D:5      | Found a runed translucent door.
  3896 | D:5      | Noticed Crazy Yiuf
  4099 | D:5      | Reached XP level 8. HP: 61/70 MP: 6/8
  4356 | D:5      | Reached skill level 5 in Armour
  4410 | D:5      | Noticed Duvessa
  4410 | D:5      | Noticed Dowan
  4416 | D:5      | Killed Duvessa
  4418 | D:5      | Killed Dowan
  4501 | D:5      | Killed Crazy Yiuf
  4635 | D:6      | Found a staircase to the Ecumenical Temple.
  4783 | D:6      | Found an ornate altar of the Wu Jian Council.
  4885 | D:6      | Reached skill level 11 in Long Blades
  5659 | D:6      | Identified a scroll of acquirement
  5660 | D:6      | Acquired the amulet "Ybbu" {Regen+ Int-4 Slay+4}
  5721 | D:7      | Reached skill level 12 in Long Blades
  5743 | D:7      | Reached XP level 9. HP: 68/75 MP: 9/9
  5765 | D:7      | Found a sacrificial altar of Ru.
  5936 | D:7      | Found a flagged portal.
  5950 | Bailey   | Entered a bailey
  6020 | Bailey   | Noticed an orc knight
  6059 | Bailey   | Killed an orc knight
  6060 | Bailey   | Reached skill level 13 in Long Blades
  6123 | Bailey   | Reached skill level 14 in Long Blades
  6161 | Bailey   | Noticed an orc knight
  6169 | Bailey   | Killed an orc knight
  6258 | Bailey   | Noticed an orc sorcerer
  6266 | Bailey   | Killed an orc sorcerer
  6267 | Bailey   | Reached XP level 10. HP: 44/91 MP: 10/10
  6271 | Bailey   | Found an iron altar of Okawaru.
  6716 | Bailey   | Noticed an orc high priest
  6719 | Bailey   | Acquired the +2 buckler of Birdsong {Drain rC+ Regen+
                  | Int+4}
  6733 | Bailey   | Killed an orc high priest
  6734 | Bailey   | Reached skill level 10 in Fighting
  6973 | D:7      | Noticed engelados's ghost (novice DgCj)
  6975 | D:7      | Found a runed translucent door.
  7466 | D:8      | Found a shadowy altar of Dithmenos.
  7566 | D:8      | Noticed a two-headed ogre
  7664 | D:8      | Killed a two-headed ogre
  7982 | D:9      | Reached skill level 10 in Armour
  8044 | D:9      | Found a staircase to the Lair.
  8050 | D:9      | Found a radiant altar of Vehumet.
  8114 | D:9      | Reached XP level 11. HP: 102/102 MP: 11/11
  8206 | D:9      | Found a hazy altar of Hepliaklqana.
  8247 | D:9      | Found a snail-covered altar of Cheibriados.
  8287 | D:9      | Found a basalt altar of Yredelemnul.
  8340 | D:9      | Found a bloodstained altar of Trog.
  8615 | D:9      | Noticed a two-headed ogre
  8625 | D:9      | Killed a two-headed ogre
  8767 | D:10     | Entered Level 10 of the Dungeon
  8790 | D:10     | Noticed a cyan ugly thing
  8808 | D:10     | Killed a cyan ugly thing
  8869 | D:10     | Found a shimmering altar of Xom.
  8917 | D:10     | Reached skill level 5 in Dodging
  9244 | D:11     | Found a portal to a secret trove of treasure.
  9321 | D:11     | Found a staircase to the Orcish Mines.
  9437 | D:11     | Found Ripsivok's General Store.
  9455 | D:11     | Noticed a centaur warrior
  9466 | D:11     | Killed a centaur warrior
  9467 | D:11     | Reached skill level 5 in Shields
  9505 | D:11     | Found a runed translucent door.
  9506 | D:11     | Noticed tish's ghost (journeyman OpCj)
  9612 | D:11     | Noticed Erolcha
  9612 | Abyss:2  | Cast into level 2 of the Abyss (Erolcha)
  9838 | Abyss:2  | Found a corrupted altar of Lugonu.
  9842 | Abyss:2  | Noticed a wretched star
  9863 | Abyss:2  | HP: 3/86 [wretched star/lance of force (23)]
  9865 | Abyss:2  | Killed from afar by a wretched star

Illustrated notes

Levels and vault maps discovered:
D:1:      minmay_arrival_doors, layout_rooms
D:2:      layout_rooms, serial_forest, infiniplex_forest_lined_2,
          infiniplex_forest_straight_1, infiniplex_forest_clump_long,
          infiniplex_forest_lined_room_3, infiniplex_forest_straight_2,
          infiniplex_forest_clump_cross, infiniplex_forest_diagonal,
          kennysheep_doodads, dreamdust_princess_bridge, uniq_terence,
          uniq_robin
D:3:      layout_basic, nicolae_overflow_hidden_temple, led_sif_book,
          fedhas_altar_3, gammafunk_ghost_gnarly_gnolls, serial_shops,
          nicolae_shop_hallway_plus, corexii_item_surrounded_by_moat,
          grunt_ministairs_4, uniq_natasha
D:4:      layout_loops_ring, ashenzari_altar_1, tso_oasis_becter,
          jmf_multi_god_temple2, cheibrodos_sewer_entry_sluice,
          hangedman_decor_peaks_small, kennysheep_windowed_goal, uniq_eustachio
D:5:      layout_basic, uniq_edmund, uniq_duvessa, uniq_blork_the_orc,
          uniq_crazy_yiuf_cottage
D:6:      layout_gridville, mainiacjoe_overflow_boulevard,
          minmay_temple_entry_nine_rooms, chequers_serial_rivers_marsh
D:7:      layout_basic, nicolae_ru_sacrificial_ziggurat, enter_bailey_3,
          hellmonk_ghost_happy_afterlife
D:8:      layout_rooms, grunt_dithmenos_smoke, chequers_mini_garden
D:9:      layout_stronghold, mainiacjoe_overflow_cross_hatched,
          yredelemnul_altar_generic, mainiacjoe_overflow_surrounded_room,
          nicolae_hepliaklqana_hazy_memory, vehumet_altar_wand_db,
          minmay_lair_entry_grove, hangedman_decor_lopped
D:10:     layout_basic, lemuel_crystal_altar
D:11:     layout_roguey, zombieorc2_lemuel, enter_trove_2,
          gammafunk_ghost_grave, serial_shops, nicolae_shop_stone,
          chequers_serial_rivers_marsh, the_hattery, uniq_erolcha
Abyss:2:  base:
D:8

Skill      XL: |  1  2  3  4  5  6  7  8  9 10 11 |
---------------+----------------------------------+-----
Long Blades    | 4 5 6 7 9 10 12 14 | 14.0
Fighting       | 6 9 11 13 | 13.6
Armour         | 3 6 10 | 10.0
Shields        | 4 6 |  6.0
Dodging        | 6 |  6.0
Spellcasting   | |  1.0
Fire Magic     | |  2.1

Action                     |  1- 3 |  4- 6 |  7- 9 | 10-12 || total
---------------------------+-------+-------+-------+-------++-------
  Melee: Falchion          |    65 |       |       |   264 ||   329
         Headbutt          |    16 |    11 |    38 |   117 ||   182
         Long sword        |    50 |   109 |   234 |   211 ||   604
         Punch             |     1 |       |     4 |       ||     5
         Whip              |       |    11 |       |       ||    11
 Invoke: Foxfire Swarm     |       |     2 |     4 |       ||     6
         Fiery Armour      |       |     2 |     2 |       ||     4
  Evoke: Wand              |       |       |       |     1 ||     1
    Use: Potion            |     1 |     3 |     1 |     3 ||     8
         Scroll            |       |     2 |     9 |     9 ||    20
 Armour: Robe              |     5 |       |       |       ||     5
         Chain mail        |    63 |   114 |   138 |   283 ||   598
  Dodge: Dodged            |    59 |    56 |    96 |   173 ||   384
  Block: Buckler           |       |       |       |   135 ||   135
